 Dungeon Crawl Stone Soup version 0.26-a0-854-gdc81c2f471 (webtiles) character file.

Game seed: 5711624413012109462

130 Lemonice the Covert (level 5, -2/70 HPs)
             Began as a Gnoll Delver on Nov 24, 2020.
             Was an Initiate of Ru.
             Splashed by a jelly's acid (5 damage)
             ... on level 5 of the Dungeon.
             The game lasted 00:02:01 (694 turns).

Lemonice the Covert (Gnoll Delver)                   Turns: 694, Time: 00:02:02

Health: -2/70      AC: 22    Str: 16    XL:     5   Next: 14%
Magic:  6/7        EV:  2    Int: 12    God:    Ru [......]
Gold:   42         SH:  0    Dex: 16    Spells: 6/6 levels left

rFire    . . .     SeeInvis .   a - +0 spear
rCold    . . .     Faith    .   (no shield)
rNeg     + + +     Spirit   .   (armour currently unavailable)
rPois    +         Reflect  .   (helmet currently unavailable)
rElec    .         Harm     .   (cloak currently unavailable)
rCorr    .         Rampage  .   (gloves currently unavailable)
MR       .....     NoTele   +   (boots currently unavailable)
Stlth    ++++......             (no amulet)
HPRegen  0.21/turn              (no ring)
MPRegen  0.10/turn              (no ring)

@: lethally poisoned (-2 -> -8), tree-form
A: distributed training, strong nose
a: Renounce Religion


You were on level 5 of the Dungeon.
You worshipped Ru.
Ru was noncommittal.
You were a tree.
You visited 1 branch of the dungeon, and saw 1 of its levels.

You collected 42 gold pieces.

Inventory:

Hand Weapons
 a - a +0 spear (weapon)
Armour
 b - a +0 leather armour (melded)
Wands
 g - a wand of digging (3)
Scrolls
 c - a scroll of fog
 d - a scroll of identify {unknown}
 e - a scroll of fear
Potions
 f - a potion of haste


   Skills:
 + Level 6.6 Fighting
 + Level 1.4 Short Blades
 + Level 1.4 Long Blades
 + Level 1.4 Axes
 + Level 1.4 Maces & Flails
 + Level 4.7 Polearms
 + Level 1.4 Staves
 + Level 1.4 Slings
 + Level 1.4 Bows
 + Level 1.4 Crossbows
 + Level 1.4 Throwing
 + Level 1.4 Armour
 + Level 4.7 Dodging
 + Level 9.6 Stealth
 + Level 1.4 Shields
 + Level 1.4 Unarmed Combat
 + Level 1.4 Spellcasting
 + Level 1.1 Conjurations
 + Level 1.1 Hexes
 + Level 1.1 Summonings
 + Level 1.1 Necromancy
 + Level 1.1 Translocations
 + Level 1.1 Transmutations
 + Level 1.1 Fire Magic
 + Level 1.1 Ice Magic
 + Level 1.1 Air Magic
 + Level 1.1 Earth Magic
 + Level 1.1 Poison Magic
 + Level 1.5 Invocations
 + Level 1.4 Evocations


You had 6 spell levels left.
You didn't know any spells.
Your spell library was empty.

Dungeon Overview and Level Annotations

Branches:
Dungeon (5/15)
 Temple: D:4-7

Altars:
Ru
The Shining One


Innate Abilities, Weirdness & Mutations

Your experience applies equally to all skills.
((You have very sharp teeth.))
Your uncanny sense of smell can sniff out nearby items.


Message History

It was a potion of lignification.
You turn into a tree.
Your +0 leather armour melds into your body.
Your roots penetrate the ground.
* * * LOW HITPOINT WARNING * * *
You feel sick. The adder bites you but does no damage.
The jelly hits you but does no damage.
You closely miss the adder.
The adder is almost dead.
* * * LOW HITPOINT WARNING * * *
You feel sick. The adder bites you but does no damage.
The jelly hits you but does no damage.
You completely miss the adder.
The adder is almost dead.
The adder bites you but does no damage. The jelly hits you but does no damage.
You hit the adder.
You kill the adder!
* * * LOW HITPOINT WARNING * * *
You feel sick. The jelly barely misses you.
You hit the jelly.
Your branches burn!
You die...

******,,,,* *,,,,,,,,* *,* *
*,,,,* ********** *,* *
******,<,.######*************,***
,,,,,,,,,.......,,,,,,,,,,,,,,,,,
******,,,.......********,,,*,,,,,
*,,,.....#.### *,,,*,,***
******,,,.........# *,,,*,,,**
,,,,****,,,#....J.#####*,,,.....,
,,,,* *,,,*#._8♣.....#*,,,#l..#,
,,,,* *,,,*#..†......#*,,,#...#,
,,,,* *,,,*#.........#*,,,#..S#,
,,,,****,,,*##.#......#*,,,#...#,
,,,,,,,,,,,,..$#......#*,,,#...#.
,,,,,,,*,,,#####......####.#.....
,,,,,,,,,,,,,,*#...........#..##*
,,,,,,,,,,,,,∆*#......######...#
,,,,,,,,,,,,,,*###.........#.#.##


You could see a jelly.

Vanquished Creatures
  A bullfrog (D:5)
  An iguana (D:5)
  3 adders (D:5)
  A white imp (D:5)
  An adder zombie (D:5)
  A giant cockroach (D:5)
8 creatures vanquished.

Notes
Turn   | Place    | Note
-------+----------+-------------------------------------------
     0 | D:5      | Reached skill level 9 in Stealth
     0 | D:5      | Lemonice the Gnoll Delver began the quest for the Orb.
     0 | D:5      | Reached XP level 1. HP: 23/23 MP: 1/1
    20 | D:5      | Noticed a bullfrog
    48 | D:5      | Killed a bullfrog
    49 | D:5      | Reached skill level 1 in Short Blades
    49 | D:5      | Reached skill level 1 in Long Blades
    49 | D:5      | Reached skill level 1 in Axes
    49 | D:5      | Reached skill level 1 in Maces & Flails
    49 | D:5      | Reached skill level 1 in Staves
    49 | D:5      | Reached skill level 1 in Slings
    49 | D:5      | Reached skill level 1 in Bows
    49 | D:5      | Reached skill level 1 in Crossbows
    49 | D:5      | Reached skill level 1 in Throwing
    49 | D:5      | Reached skill level 1 in Armour
    49 | D:5      | Reached skill level 1 in Shields
    49 | D:5      | Reached skill level 1 in Unarmed Combat
    49 | D:5      | Reached skill level 1 in Spellcasting
    49 | D:5      | Reached skill level 1 in Invocations
    49 | D:5      | Reached skill level 1 in Evocations
    49 | D:5      | Reached XP level 2. HP: 21/29 MP: 1/3
    49 | D:5      | Reached XP level 3. HP: 26/35 MP: 1/4
    49 | D:5      | Reached XP level 4. HP: 30/41 MP: 1/5
   264 | D:5      | Reached skill level 1 in Conjurations
   264 | D:5      | Reached skill level 1 in Hexes
   264 | D:5      | Reached skill level 1 in Summonings
   264 | D:5      | Reached skill level 1 in Necromancy
   264 | D:5      | Reached skill level 1 in Translocations
   264 | D:5      | Reached skill level 1 in Transmutations
   264 | D:5      | Reached skill level 1 in Fire Magic
   264 | D:5      | Reached skill level 1 in Ice Magic
   264 | D:5      | Reached skill level 1 in Air Magic
   264 | D:5      | Reached skill level 1 in Earth Magic
   264 | D:5      | Reached skill level 1 in Poison Magic
   393 | D:5      | Found a sacrificial altar of Ru.
   393 | D:5      | Found a glowing golden altar of the Shining One.
   409 | D:5      | Reached XP level 5. HP: 7/47 MP: 6/6
   677 | D:5      | Became a worshipper of Ru the Awakened
   691 | D:5      | HP: 3/70 [poisoned by an adder]
   694 | D:5      | Splashed by a jelly's acid

Illustrated notes

Levels and vault maps discovered:
D:5:      layout_basic, chequers_temple_overflow_statue_of_worship,
          serial_shops, shop

Skill      XL: |  1  2  3  4 |
---------------+-------------+-----
Stealth        | |  9.6
Short Blades   | 1 |  1.4
Long Blades    | 1 |  1.4
Axes           | 1 |  1.4
Maces & Flails | 1 |  1.4
Staves         | 1 |  1.4
Slings         | 1 |  1.4
Bows           | 1 |  1.4
Crossbows      | 1 |  1.4
Throwing       | 1 |  1.4
Armour         | 1 |  1.4
Shields        | 1 |  1.4
Unarmed Combat | 1 |  1.4
Spellcasting   | 1 |  1.4
Invocations    | 1 |  1.5
Evocations     | 1 |  1.4
Conjurations   | 1 |  1.1
Hexes          | 1 |  1.1
Summonings     | 1 |  1.1
Necromancy     | 1 |  1.1
Translocations | 1 |  1.1
Transmutations | 1 |  1.1
Fire Magic     | 1 |  1.1
Ice Magic      | 1 |  1.1
Air Magic      | 1 |  1.1
Earth Magic    | 1 |  1.1
Poison Magic   | 1 |  1.1
Fighting       | |  6.6
Polearms       | |  4.7
Dodging        | |  4.7

Action                   |  1- 3 |  4- 6 || total
-------------------------+-------+-------++-------
Melee: Spear             |    14 |    61 ||    75
       Bite              |       |     4 ||     4
  Use: Scroll            |     1 |       ||     1
       Potion            |       |     1 ||     1
 Stab: Distracted        |       |     1 ||     1
       Sleeping          |       |     1 ||     1
Armor: Leather armour    |     6 |     5 ||    11
       Skin              |       |     6 ||     6
Dodge: Dodged            |    10 |    31 ||    41

Table legend: (Time is in decaauts)
 A = Elapsed time spent in this place.
 B = Non-inter-level travel time spent in this place.
 C = Inter-level travel time spent in this place.
 D = Time resting spent in this place.
 E = Time spent auto-exploring this place.
 F = Levels seen in this place.
 G = Mean time per level.
                   A        B        C        D        E       F      G
               +--------+--------+--------+--------+--------+-----+--------+
         Total |    684 |    684 |      0 |    514 |      0 |   1 |  684.0 |
       Dungeon |    684 |    684 |      0 |    514 |      0 |   1 |  684.0 |
               +--------+--------+--------+--------+--------+-----+--------+

Top non-repeatable levels by time:
     D:5: 684 daAuts
